 Dungeon Crawl Stone Soup version 0.29.1-2-gbd0b4ee654 (webtiles) character file.

Game seed: 13038754592762721582

39 MisterFreud the Twirler (level 3, -2/27 HPs)
             Began as a Formicid Gladiator on Oct 24, 2022.
             Slain by a gnoll
             ... wielding a +0 halberd
              (10 damage)
             ... on level 2 of the Dungeon.
             The game lasted 00:01:19 (1323 turns).

MisterFreud the Twirler (Formicid Gladiator)        Turns: 1323, Time: 00:01:20

Health: -2/27      AC: 12    Str: 20    XL:     3   Next: 67%
Magic:  3/3        EV:  8    Int:  7    God:
Gold:   42         SH:  6    Dex: 15    Spells: 2/2 levels left

rFire   . . .      SeeInvis +   a - +0 quarterstaff
rCold   . . .      Faith    .   f - +2 buckler {AC+3}
rNeg    . . .      Spirit   .   k - +1 chain mail
rPois   .          Reflect  .   (helmet unavailable)
rElec   .          Harm     .   (no cloak)
rCorr   .          Rampage  .   (no gloves)
Will    .....                   (no boots)
Stlth   ..........              (no amulet)
HPRegen 0.09/turn               (no ring)
MPRegen 0.08/turn               (no ring)

@: no status effects
A: permanent stasis, dig shafts and tunnels, antennae 3, four strong arms
a: Dig, Shaft Self


You were on level 2 of the Dungeon.
You visited 1 branch of the dungeon, and saw 2 of its levels.

You collected 42 gold pieces.

Inventory:

Hand Weapons
 a - a +0 quarterstaff (weapon)
Missiles
 c - 3 throwing nets (quivered)
 d - a javelin
Armour
 b - a +0 leather armour
 f - a +2 buckler of protection (worn)
 k - a +1 chain mail (worn)
Jewellery
 i - a ring of positive energy
Potions
 e - a potion of curing {unknown}
 g - a potion of might {unknown}
 h - a potion of mutation {unknown}


   Skills:
 - Level 2.1 Fighting
 + Level 4.2 Staves
 - Level 2.0 Throwing
 - Level 2.6 Dodging
 + Level 1.4 Shields


You had 2 spell levels left.
You didn't know any spells.
Your spell library contained the following spells:

 Spells                   Type           Power      Damage    Failure   Level
 Blade Hands              Tmut           0%         N/A       100%        5
 Irradiate                Conj/Tmut      0%         3d11      100%        5
 Dragon Form              Tmut           0%         N/A       100%        7


Dungeon Overview and Level Annotations

Branches:
Dungeon (2/15)

Altars:

Shops:
D:2 (


Innate Abilities, Weirdness & Mutations

You cannot be hasted, slowed, berserked, paralysed or teleported.
You can dig through walls and to a lower floor.
You have a pair of large antennae on your head. (SInv)
Your four strong arms can wield two-handed weapons with a shield.


Message History

An adder is nearby!
You closely miss the adder.
The adder is heavily wounded.
The adder bites you but does no damage. x2
An adder is nearby!
You hit the adder.
The adder is severely wounded.
The adder bites you but does no damage.
An adder is nearby!
You sock the adder!
You kill the adder!
Found a scroll of poison.
No target in view!
A rat comes into view. 2 gnolls come into view.
The gnoll shouts! x2; You hear a shout!
A gnoll comes into view. It is wielding a +0 halberd.
There are monsters nearby!
Found a scroll labelled XUURGH KYFRASHI.
There are monsters nearby!
Found a stone staircase leading up.
The rat closely misses you.
You barely miss the rat. The rat bites you but does no damage.
An adder comes into view.
There are monsters nearby!
You sock the rat!
You kill the rat!
There are monsters nearby!
You barely miss the gnoll. The gnoll hits you with a +0 flail.
The gnoll hits you from afar with a +0 halberd.
The gnoll hits you with a +0 flail.
You hit the gnoll.
The gnoll is lightly wounded.
The gnoll hits you but does no damage.
You sock the gnoll!
The gnoll is almost dead.
The gnoll hits you with a +0 flail! The gnoll hits you but does no damage.
The gnoll hits you with a +0 flail.
* * * LOW HITPOINT WARNING * * *
The gnoll hits you from afar with a +0 halberd!
You die...

#< #### #. # ##....#
...#.#....# .#........ #
.....?... #.##.#......
###.# #..gSg.....# ....#
####g###...# #...#
#######@#### # #...#
#..........# #...#
#.###.#.##?#
###...####.###.#.##.#
...........##.......#
...........##...........
...........##....#..##..
###...#######.......#
#...# #......##


You could see 3 gnolls and an adder.

Vanquished Creatures
  An adder (D:2)
  A worm (D:2)
  A dart slug (D:1)
  2 ball pythons (D:1)
  An endoplasm (D:2)
  2 giant cockroaches
  3 goblins (D:1)
  A hobgoblin (D:1)
  3 jackals (D:1)
  3 bats
  2 frilled lizards
  2 kobolds
  3 rats
25 creatures vanquished.

Notes
Turn   | Place    | Note
-------+----------+-------------------------------------------
     0 | D:1      | MisterFreud the Formicid Gladiator began the quest for the
                  | Orb.
     0 | D:1      | Reached XP level 1. HP: 16/16 MP: 1/1
   331 | D:1      | Reached XP level 2. HP: 17/22 MP: 2/2
   690 | D:1      | Found a faded altar of an unknown god.
   986 | D:1      | Identified a scroll of acquirement
   986 | D:1      | Acquired a +2 buckler of protection
  1119 | D:2      | Reached XP level 3. HP: 27/27 MP: 3/3
  1122 | D:2      | Found Plog's Antique Weapon Boutique.
  1150 | D:2      | Reached skill level 4 in Staves
  1234 | D:2      | Reached skill level 1 in Shields
  1323 | D:2      | Slain by a gnoll

Illustrated notes

Levels and vault maps discovered:
D:1:      onia_arrival_mini_spirals, layout_basic,
          dreamdust_ecumenical_altar_statues, serial_park_tiny_pond,
          nicolae_figureground_sparkle
D:2:      layout_loops_cross, serial_shops, shop, grunt_decor_clamped

Skill      XL: |  1  2  3 |
---------------+----------+-----
Staves         | 4 |  4.2
Shields        | 1 |  1.4
Fighting       | |  2.1
Throwing       | |  2.0
Dodging        | |  2.6

Action                   || total
-------------------------++-------
Melee: Quarterstaff      ||    74
  Use: Scroll            ||     4
 Stab: Sleeping          ||     1
Armor: Leather armour    ||     5
       Chain mail        ||    33
Dodge: Dodged            ||    33
Block: Buckler           ||     5
